Map: Ultralove

Players

Geralt (Gerald)

  • Race: Protoss Protoss
  • League: Grandmaster
  • Spawn Location: 1:00

Kelazhur - Winner!

  • Race: Terran Terran
  • League: Master
  • Spawn Location: 7:00

Event: HomeStory Cup XXVI

VOD

Have the link to the VOD?

Description

Time

  • Played on: Nov. 29, 2024, 3:49 p.m.
  • Length: 5:05

All games in this series

Show
View Real Time Build Order
Export as new Build Order

Geralt Protoss 

Build Orders: 1 Gate Expand, Blink Stalkers 

Get SALT Encoding   

  12  0:00  Probe  
  13  0:12  Probe  
  14  0:17  Pylon  
  14  0:23  Probe  
  15  0:31  Probe  
  16  0:37  Gateway  
  16  0:39  Probe  
  16  0:46  Assimilator  
  17  0:51  Probe  
  18  1:03  Probe  
  19  1:15  Probe  
  20  1:24  Cybernetics Core  
  20  1:27  Probe  
  21  1:36  Nexus  
  21  1:39  Probe  
  22  1:44  Pylon  
  22  1:49  Assimilator  
  22  1:52  Adept  
  22  1:53  Probe  
  23  2:01  Warp Gate  
  25  2:09  Probe  
  25  2:10  Stalker  
  25  2:21  Probe  
  28  2:32  Twilight Council  
  28  2:33  Probe  
  29  2:37  Stalker  
  31  2:47  Probe  
  32  2:58  Blink, Probe  
  33  3:04  Probe  
  34  3:10  Probe  
  35  3:16  Probe  
  36  3:22  Probe  
  36  3:25  Gateway  
  35  3:28  Probe  
  36  3:34  Probe  
  36  3:40  Robotics Facility, Probe  
  38  3:42  Gateway  
  38  3:46  Probe  
  39  3:51  Stalker  
  39  3:53  Probe  
  42  3:58  Probe  
  42  4:02  Nexus  
  43  4:05  Probe  
  44  4:10  Probe  
  44  4:13  Pylon  
  45  4:19  Assimilator  
  45  4:29  Sentry  
  45  4:35  Stalker  
  42  4:38  Shield Battery  
  42  4:45  Stalker  
  36  4:47  Probe  
  36  4:51  Probe  
Show
View Real Time Build Order
Export as new Build Order

Kelazhur Terran - Winner!

Build Orders: Gas First Reaper Expand, Hellion Opening 

Get SALT Encoding   

  12  0:00  SCV  
  13  0:12  SCV  
  14  0:16  Supply Depot  
  14  0:24  SCV  
  14  0:27  Refinery  
  15  0:38  SCV  
  16  0:43  Barracks  
  16  0:50  SCV  
  17  1:02  SCV  
  18  1:14  SCV  
  19  1:30  Orbital Command, Reaper  
  20  1:40  Command Center  
  20  1:50  Factory  
  20  1:56  SCV  
  21  2:02  Supply Depot  
  21  2:05  Barracks Reactor  
  21  2:08  SCV  
  22  2:18  Refinery  
  22  2:21  SCV  
  23  2:33  SCV  
  24  2:45  SCV, Starport  
  24  2:47  Hellion x2  
  29  2:52  Orbital Command  
  29  2:57  Barracks Tech Lab, SCV  
  29  3:09  SCV  
  30  3:13  Hellion x2  
  30  3:17  Marauder  
  30  3:18  SCV  
  37  3:23  SCV  
  36  3:28  Medivac  
  36  3:29  Concussive Shells  
  36  3:31  SCV  
  39  3:35  SCV  
  40  3:42  Hellion x2  
  40  3:43  Marauder  
  46  3:49  Supply Depot  
  46  4:09  Supply Depot  
  46  4:10  Starport Tech Lab, SCV  
  46  4:11  SCV  
  48  4:18  Supply Depot  
  48  4:20  Siege Tank  
  48  4:23  SCV  
  52  4:29  SCV  
  53  4:37  SCV  
  54  4:42  Marine x2  
  54  4:44  SCV  
  54  4:45  Refinery  
  60  4:49  SCV  
  60  4:50  Supply Depot  
  59  4:54  Barracks  
  59  4:55  Barracks  
Tags
 
Add a new tag
Caveats
  • Supply blocks, unpowered buildings, or Contaminate may cause inaccurate times.
  • Supply counts are checked every 10 seconds.